 Dungeon Crawl Stone Soup version 0.31-a0-354-g827e0957a7 (webtiles) character file.

Game seed: 2014520767832339605

333 LeprechaunX the Ruffian (level 6, -3/41 HPs)
             Began as an Octopode Shapeshifter on July 24, 2023.
             Slain by a killer bee (7 damage)
             ... on level 4 of the Dungeon.
             The game lasted 00:03:02 (2716 turns).

LeprechaunX the Ruffian (Octopode Shapeshifter)     Turns: 2716, Time: 00:03:02

Health: -3/41      AC:  5    Str: 16    XL:     6   Next: 53%
Magic:  15/15      EV: 13    Int: 11    God:
Gold:   180        SH:  0    Dex: 12    Spells: 5/5 levels left

rFire   . .          .
                       - Unarmed
rCold   . . .        (no shield)
rNeg    . . .        (helmet currently unavailable)
rPois   .            (no amulet)
rElec   .            f - +4 ring of protection
rCorr   .            h - ring of flight
SInv    .            n - ring of magical power
Will    .....        (no ring)
Stlth   ++           (no ring)
HPRegen 0.26/turn    (no ring)
MPRegen 0.14/turn    (no ring)
                     (no ring)

%: no passive effects
@: lethally poisoned (-3 -> -7), beast-form, flying
A: beast (slay +2), almost no armour, amphibious, 8 rings, camouflage 1,
gelatinous body 1, (nimble swimmer 1), tentacles
a: Begin Untransformation


You were on level 4 of the Dungeon.
You were a hulking beast.
You visited 1 branch of the dungeon, and saw 4 of its levels.

You collected 180 gold pieces.

Inventory:

Missiles
 g - a throwing net
Jewellery
 f - a +4 ring of protection (left tentacle)
 h - a ring of flight (right tentacle)
 n - a ring of magical power (on tentacle)
Talismans
 b - a beast talisman
Wands
 j - a wand of light (4) (quivered)
Scrolls
 c - 2 scrolls of identify {unknown}
 d - 2 scrolls of fog {unknown}
 e - a scroll of amnesia {unknown}
 l - a scroll of teleportation {unknown}
 o - a scroll of enchant weapon {unknown}
Potions
 a - a potion of magic {unknown}
 i - a potion of mutation {unknown}
 k - a potion of berserk rage {unknown}
 m - a potion of enlightenment {unknown}


   Skills:
 + Level 2.8 Fighting
 + Level 3.3 Dodging
 * Level 4.9 Unarmed Combat
 + Level 1.3 Evocations
 + Level 3.7 Shapeshifting


You had 5 spell levels left.
You didn't know any spells.
Your spell library contained the following spells:

 Spells                   Type           Power      Damage    Failure   Level
 Cigotuvi's Dreadful Rot  Necr/Pois/Air  0%         N/A       47%         2
 Gell's Gravitas          Tloc           0%         N/A       71%         3
 Ignite Poison            Fire/Tmut/Pois 0%         N/A       71%         3
 Teleport Other           Tloc           0%         N/A       71%         3
 Vhi's Electric Charge    Tloc/Air       0%         N/A       71%         3
 Arcjolt                  Conj/Air       0%         1d10      100%        5
 Freezing Cloud           Conj/Ice/Air   0%         6-21      100%        5
 Dispersal                Tloc           0%         N/A       100%        6
 Maxwell's Capacitive Co  Air            0%         ∞         100%        8


Dungeon Overview and Level Annotations

Branches:
Dungeon (4/15)
 Temple: D:4-7

Altars:


Innate Abilities, Weirdness & Mutations

You are a hulking beast.
Your limbs bulge with bestial killing power. (Slay +2)
You cannot wear most types of armour.
You are amphibious.
You can wear up to eight rings at the same time.
Your skin changes colour to match your surroundings (Stealth+).
Your rubbery body absorbs attacks. (AC +1, EV +1)
((You are camouflaged when in or above water. (Stealth+)))
You have tentacles for arms and can constrict up to eight enemies at once.


Message History

You release your grip on the killer bee.
You completely miss the killer bee.
The killer bee buzzes angrily.
Your grab misses the killer bee. You squeeze the killer bee.
You kill the killer bee!
Aiming: Bolt of Light
Press: ? - help, Q - select action, (/) - cycle Shift-Dir - straight line, f - killer bee
Aim: a killer bee (almost dead, wandering, blind, hasn't noticed you, 43% to hit)
The bolt of light hits the killer bee!
You kill the killer bee!
The bolt of light misses the killer bee.
Aiming: Bolt of Light
Press: ? - help, Q - select action, (/) - cycle Shift-Dir - straight line, f - killer bee
Aim: a killer bee (43% to hit)
The bolt of light hits the killer bee!
The killer bee is severely wounded.
The killer bee is blinded.
The bolt of light hits the goblin!
You kill the goblin!
The killer bee closely misses you. The killer bee misses you.
You tentacle-slap the killer bee. Your grab misses the killer bee.
Your squeeze misses the killer bee.
The killer bee is severely wounded.
The killer bee closely misses you. The killer bee barely misses you.
A sky beast appears from thin air!
Reactivating autopickup.
The killer bee stings you!
* * * LOW HITPOINT WARNING * * *
The killer bee stings you.
* * * LOW HITPOINT WARNING * * *
You are lethally poisoned!
The killer bee poisons you!
Aiming: Bolt of Light
Press: ? - help, Q - select action, (/) - cycle Shift-Dir - straight line, p - killer bee The bolt of light hits the killer bee!
The killer bee is heavily wounded.
The killer bee is blinded.
* * * LOW HITPOINT WARNING * * *
You feel sick. The killer bee barely misses you.
The killer bee closely misses you. The killer bee stings you!
You die...

#. #.########## ##
#.#.§.Y†yh.# ....
###.#†######y#
..#.##............#
#..................
....................
#.#.#.......###...##.
#.#.##.#.#...## ..#
.#
#.#................ #
#.#.##.#.......y..


You could see a sky beast and 2 killer bees.

Vanquished Creatures
  3 killer bees (D:4)
  A jelly (D:2)
  Jessica (D:2)
  4 gnolls (D:2)
  2 adders
  2 worms
  3 dart slugs (D:3)
  5 orcs
  2 bats (D:1)
  3 endoplasms
  5 giant cockroaches
  7 hobgoblins
  3 jackals (D:3)
  7 kobolds
  3 quokkas
  7 ball pythons
  4 frilled lizards
  6 goblins
  6 rats
74 creatures vanquished.

Notes
Turn   | Place    | Note
-------+----------+-------------------------------------------
     0 | D:1      | LeprechaunX the Octopode Shapeshifter began the quest for
                  | the Orb.
     0 | D:1      | Reached XP level 1. HP: 13/13 MP: 1/1
   154 | D:1      | Reached XP level 2. HP: 16/18 MP: 2/2
   646 | D:1      | Reached XP level 3. HP: 19/23 MP: 3/3
   810 | D:2      | Noticed Jessica
   820 | D:2      | Killed Jessica
   826 | D:2      | Reached XP level 4. HP: 24/29 MP: 4/4
  1111 | D:2      | Reached skill level 4 in Unarmed Combat
  1411 | D:2      | Found a faded altar of an unknown god.
  1437 | D:2      | Reached XP level 5. HP: 34/34 MP: 5/5
  2689 | D:4      | Noticed a sky beast
  2705 | D:4      | Reached skill level 1 in Evocations
  2705 | D:4      | Reached XP level 6. HP: 14/41 MP: 6/6
  2716 | D:4      | Slain by a killer bee

Illustrated notes

Levels and vault maps discovered:
D:1:      dpeg_arrival_arbitrary_a, layout_loops_cross, palyth_stone_intersect
D:2:      layout_loops_corners, ebering_ecumenical_altar_box, uniq_jessica
D:3:      wad_crossroads, layout_basic, kennysheep_nub
D:4:      layout_basic

Skill      XL: |  1  2  3  4  5 |
---------------+----------------+-----
Fighting       | 2 |  2.8
Unarmed Combat | 4 |  4.9
Dodging        | 3 |  3.3
Evocations     | 1 |  1.3
Shapeshifting  | |  3.7

Action                     |  1- 3 |  4- 6 || total
---------------------------+-------+-------++-------
  Melee: Unarmed           |    41 |    81 ||   122
         Constrict         |    10 |    23 ||    33
         Tentacles         |     8 |    12 ||    20
         Punch             |     2 |     5 ||     7
  Evoke: Wand              |       |     4 ||     4
    Use: Potion            |       |     1 ||     1
   Stab: Sleeping          |     5 |     8 ||    13
 Armour: Skin              |     4 |    22 ||    26
  Dodge: Dodged            |    16 |    57 ||    73

Table legend: (Time is in decaauts)
 A = Elapsed time spent in this place.
 B = Non-inter-level travel time spent in this place.
 C = Inter-level travel time spent in this place.
 D = Time resting spent in this place.
 E = Time spent auto-exploring this place.
 F = Levels seen in this place.
 G = Mean time per level.
                   A        B        C        D        E       F      G
               +--------+--------+--------+--------+--------+-----+--------+
         Total |   2705 |   2629 |     76 |    107 |   2130 |   4 |  676.2 |
       Dungeon |   2705 |   2629 |     76 |    107 |   2130 |   4 |  676.2 |
               +--------+--------+--------+--------+--------+-----+--------+

Top non-repeatable levels by time:
     D:2: 896 daAuts
     D:1: 783 daAuts
     D:3: 674 daAuts
     D:4: 350 daAuts
